Map: Backwater LE

Players

Foxer - Winner!

  • Race: Terran Terran
  • League: Diamond
  • Spawn Location: 5:00

Plasmid

  • Race: Zerg Zerg
  • League: Diamond
  • Spawn Location: 11:00

VOD

Have the link to the VOD?

Description

Time

  • Played on: March 9, 2018, 9:38 p.m.
  • Length: 10:01
Show
View Real Time Build Order
Export as new Build Order

Foxer Terran - Winner!

Build Orders: Reaper Expand, MMM Bio 

Get SALT Encoding   

  12  0:00  SCV  
  13  0:12  SCV  
  14  0:17  Supply Depot  
  14  0:25  SCV  
  15  0:38  SCV  
  15  0:41  Barracks  
  16  0:45  Refinery  
  16  0:50  SCV  
  17  1:02  SCV  
  18  1:15  SCV  
  19  1:27  Orbital Command  
  19  1:28  Reaper  
  20  1:43  Command Center  
  20  1:52  Barracks  
  20  1:55  SCV  
  20  2:00  Barracks Reactor  
  21  2:08  Supply Depot  
  21  2:09  SCV  
  22  2:16  Refinery  
  22  2:21  SCV  
  23  2:25  Factory  
  23  2:48  Barracks Tech Lab, Marine x2  
  25  2:58  SCV  
  26  2:59  Orbital Command  
  26  3:07  Marine x3  
  26  3:08  Stimpack  
  29  3:17  Factory Reactor  
  29  3:23  SCV  
  29  3:25  Marine x2  
  32  3:27  Marine  
  32  3:33  Starport  
  33  3:35  SCV x2  
  35  3:41  Supply Depot  
  35  3:47  SCV  
  36  3:48  SCV  
  36  3:54  Marine x3  
  40  4:00  Factory Reactor  
  40  4:05  SCV x2, Supply Depot  
  42  4:13  Marine x3  
  42  4:16  Barracks  
  45  4:19  Medivac  
  45  4:20  Medivac  
  49  4:31  SCV x2  
  49  4:32  Marine  
  49  4:33  Marine x2  
  49  4:36  Supply Depot  
  54  4:39  Refinery  
  54  4:43  SCV  
  55  4:46  Factory Reactor  
  55  4:47  Barracks  
  55  4:50  Supply Depot, Marine x2  
  57  5:00  Medivac  
  57  5:03  Supply Depot  
  59  5:09  SCV x2  
  59  5:11  Engineering Bay  
  59  5:12  Marine x3  
  64  5:18  Supply Depot  
  64  5:21  SCV x2  
  58  5:38  Marine x2  
  58  5:39  Marine  
  58  5:40  Marine  
  58  5:41  Marine  
  64  5:50  SCV x2  
  64  5:54  Widow Mine x2, Supply Depot  
  64  5:56  Marine x3  
  72  6:02  SCV  
  73  6:07  Command Center  
  73  6:08  Barracks Reactor  
  73  6:09  Marine x2  
  73  6:10  Medivac  
  77  6:13  SCV  
  77  6:14  SCV, Terran Infantry Weapons Level 1  
  79  6:20  Supply Depot, Refinery  
  79  6:22  Marine x2  
  81  6:28  Widow Mine x2  
  85  6:35  Marine x2  
  85  6:37  Marine  
  85  6:39  SCV x2  
  90  6:40  Marine x2  
  90  6:47  Supply Depot  
  92  6:53  Marine  
  90  7:06  Marine x3  
  90  7:07  Medivac x2  
  95  7:11  Marine x3  
  98  7:19  Widow Mine x2, Orbital Command  
  102  7:24  SCV x2, Bunker  
  102  7:28  Armory, Combat Shields, Marine x4, Engineering Bay  
  108  7:34  Marine  
  108  7:36  SCV x2  
  111  7:39  Marine x2  
  113  7:46  Marine x4  
  113  7:48  SCV x2  
  118  7:51  Marine  
  118  7:57  Marine x2  
  117  8:04  Marine x3  
  120  8:16  Marine x2  
  120  8:19  Marine x2  
  122  8:21  Marine  
  124  8:34  Marine x2  
  125  8:37  Marine x4  
  130  8:41  Marine  
  126  8:53  Marine x2  
  126  8:55  Marine x3  
  120  9:07  Marine x2  
  120  9:08  Medivac x2  
  120  9:09  SCV x3  
  129  9:10  Marine  
  129  9:12  Marine  
  131  9:21  SCV x2  
  133  9:25  SCV  
  131  9:32  Marine x2  
  133  9:43  Refinery  
  133  9:44  Refinery, Command Center, Barracks x2  
  133  9:45  SCV  
  133  9:46  SCV  
  133  9:48  Barracks  
Show
View Real Time Build Order
Export as new Build Order

Plasmid Zerg 

Build Orders: Hatch First 

Get SALT Encoding   

  12  0:01  Drone  
  13  0:12  Overlord  
  13  0:17  Drone  
  14  0:30  Drone  
  14  0:32  Drone  
  17  0:35  Drone  
  17  0:45  Drone  
  18  0:56  Hatchery  
  17  0:59  Extractor  
  17  1:01  Drone  
  17  1:08  Drone  
  18  1:19  Spawning Pool  
  17  1:25  Drone  
  17  1:30  Drone  
  19  1:43  Overlord  
  19  1:52  Drone  
  20  2:06  Metabolic Boost  
  20  2:10  Zergling x4  
  22  2:18  Zergling x2  
  22  2:19  Queen x2  
  22  2:21  Drone  
  28  2:23  Drone  
  29  2:39  Drone x2  
  30  2:50  Drone x2  
  31  3:01  Hatchery  
  30  3:06  Drone x4  
  34  3:16  Overlord x2  
  34  3:19  Queen  
  36  3:25  Overlord  
  36  3:36  Drone x2  
  36  3:37  Drone x5  
  43  3:45  Overlord  
  43  3:46  Overlord  
  43  3:54  Drone  
  44  3:57  Drone  
  45  4:03  Drone x3  
  45  4:04  Drone  
  49  4:10  Drone x2  
  49  4:12  Queen  
  53  4:33  Zergling x10  
  53  4:34  Zergling x4  
  60  4:39  Zergling x10  
  65  4:46  Baneling Nest  
  64  5:02  Zergling x2  
  64  5:03  Zergling x12  
  71  5:12  Zergling x2  
  71  5:13  Zergling x6, Evolution Chamber  
  74  5:15  Evolution Chamber, Overlord x3  
  74  5:16  Overlord x5  
  73  5:21  Extractor  
  73  5:23  Extractor  
  61  5:37  Zergling x10  
  61  5:38  Zergling x2  
  61  5:40  Baneling x3  
  61  5:41  Baneling x2  
  67  5:43  Zergling x2  
  67  5:44  Zergling x8  
  67  5:47  Queen  
  74  5:53  Drone x4  
  78  6:01  Zerg Ground Armor Level 1  
  78  6:02  Zergling x2  
  78  6:03  Zergling x4  
  81  6:12  Zerg Melee Weapons Level 1, Overlord  
  81  6:13  Zergling x2  
  81  6:14  Zergling x2, Hatchery  
  81  6:18  Drone x4  
  86  6:24  Spore Crawler  
  85  6:32  Lair  
  85  6:34  Drone  
  85  6:35  Extractor, Drone x9  
  85  6:36  Extractor  
  85  6:39  Zergling x2  
  94  6:41  Baneling x3  
  94  6:42  Baneling x3  
  94  6:45  Zergling x2  
  94  7:04  Hatchery  
  91  7:24  Extractor  
  91  7:27  Zergling x6  
  91  7:28  Zergling x24  
  105  7:43  Drone x3  
  108  7:44  Queen  
  110  7:51  Zergling x2  
  110  7:52  Zergling x4  
  110  7:55  Hydralisk Den  
  103  8:03  Baneling  
  104  8:10  Zergling x2  
  104  8:11  Zergling x14  
  104  8:12  Zergling x2  
  109  8:20  Zergling x2  
  109  8:21  Zergling x8  
  113  8:29  Zergling x8  
  113  8:30  Zergling x2  
  105  8:54  Hydralisk  
  105  8:55  Zergling x2, Hydralisk x3  
  103  8:56  Zergling x6  
  99  9:17  Hydralisk x4  
  99  9:18  Hydralisk  
  89  9:35  Zergling x8  
  89  9:36  Zergling x2  
  94  9:50  Hatchery  
Tags
 
Add a new tag
Caveats
  • Supply blocks, unpowered buildings, or Contaminate may cause inaccurate times.
  • Supply counts are checked every 10 seconds.